 Dungeon Crawl Stone Soup version 0.31-a0-271-gb88eb75 (webtiles) character file.

Game seed: 4294394355269109116

5341 Dawnplanks the Frost Mage (level 10, -6/60 HPs)
             Began as an Octopode Ice Elementalist on July 14, 2023.
             Was an Initiate of Gozag.
             Mangled by a komodo dragon (23 damage)
             ... on level 8 of the Dungeon.
             The game lasted 00:26:26 (9617 turns).

Dawnplanks the Frost Mage (OpIE)                    Turns: 9617, Time: 00:26:27

Health: -6/60      AC: 10    Str: 12    XL:     10   Next: 65%
Magic:  18/23      EV: 19    Int: 26    God:    Gozag
Gold:   982        SH:  0    Dex: 12    Spells: 17/28 levels left

rFire   + + .        h - +8 short sword "Veyluhyc" {drain, Str+4 Int+4}
rCold   . . .        (no shield)
rNeg    . . .        (helmet restricted)
rPois   +            (no amulet)
rElec   .            j - +5 ring of evasion
rCorr   .            o - ring of protection from fire
SInv    .            v - ring of flight
Will    .....        (no ring)
Stlth   ++++         (no ring)
HPRegen 0.30/turn    (no ring)
MPRegen 0.18/turn    (no ring)
                     (no ring)

%: no passive effects
@: ice-armoured, freezing walls, flying
A: almost no armour, amphibious, 8 rings, camouflage 1, gelatinous body 1,
(nimble swimmer 1), tentacles, fire resistance 1, poison resistance, subdued
magic 1
a: Renounce Religion, Potion Petition, Call Merchant, Bribe Branch


You were on level 8 of the Dungeon.
You worshipped Gozag.
Gozag was pleased with you.
You visited 2 branches of the dungeon, and saw 9 of its levels.
You also visited: Bailey.

You collected 1040 gold pieces.
You paid 58 gold pieces to Gozag.

Inventory:

Hand Weapons
 h - the +8 short sword "Veyluhyc" (weapon) {drain, Str+4 Int+4}
   (You found it on level 6 of the Dungeon)

   Str:       It affects your strength (+4).
   Int:       It affects your intelligence (+4).
Missiles
 b - 7 boomerangs
 p - 14 poisoned darts
 t - 63 stones (quivered)
Magical Staves
 q - a staff of cold
Jewellery
 j - a +5 ring of evasion (left tentacle)
 o - a ring of protection from fire (right tentacle)
 v - a ring of flight (on tentacle)
Wands
 y - a wand of paralysis (8)
Scrolls
 c - a scroll of revelation {unknown}
 e - a scroll of vulnerability {unknown}
 f - 2 scrolls of noise {unknown}
 i - a scroll of blinking {unknown}
 k - 3 scrolls of teleportation {unknown}
 l - a scroll of fear {unknown}
 s - a scroll of poison {unknown}
 u - a scroll of amnesia {unknown}
 x - a scroll of acquirement {unknown}
 z - 2 scrolls of enchant armour {unknown}
 A - a scroll of immolation {unknown}
Potions
 a - a potion of magic
 d - 3 potions of lignification
 g - a potion of attraction
 m - 2 potions of mutation
 n - 2 potions of brilliance
 r - 2 potions of haste
 w - a potion of resistance {unknown}
 C - 2 potions of invisibility


   Skills:
 + Level 2.0 Fighting
 - Level 0.5 Staves
 + Level 4.7 Dodging
 + Level 6.3 Stealth
 + Level 9.5 Spellcasting
 + Level 10.7 Ice Magic


You had 17 spell levels left.
You knew the following spells:

 Your Spells              Type           Power      Damage    Failure   Level
a - Freeze                Ice            100%       1d10      1%          1
b - Ozocubu's Armour      Ice            51%        N/A       1%          3
c - Frozen Ramparts       Ice            100%       1d16      1%          3
d - Summon Ice Beast      Ice/Summ       31%        N/A       4%          4

Your spell library contained the following spells:

 Spells                   Type           Power      Damage    Failure   Level
 Foxfire                  Conj/Fire      36%        2x1d5     3%          1
 Necrotise                Necr           36%        1d5       3%          1
 Sting                    Tmut/Pois      36%        1d4       3%          1
 Poisonous Vapours        Pois/Air       18%        N/A       6%          2
 Inner Flame              Hex/Fire       9%         N/A       12%         3
 Vampiric Draining        Necr           9%         2d6       12%         3
 Metabolic Englaciation   Hex/Ice        15%        N/A       12%         5
 Olgreb's Toxic Radiance  Pois           9%         N/A       38%         4
 Petrify                  Tmut/Erth      9%         N/A       38%         4
 Agony                    Necr           9%         N/A       77%         5
 Yara's Violent Unravell  Hex/Tmut       4%         3d4       77%         5
 Plasma Beam              Fire/Air       4%         2x1d14    100%        6
 Starburst                Conj/Fire      4%         6d4       100%        6
 Enfeeble                 Hex            4%         N/A       100%        7


Dungeon Overview and Level Annotations

Branches:
Dungeon (8/15)             Temple (1/1) D:6            Lair (0/5) D:8
 Bailey (visited)

Altars:
Ashenzari
Elyvilon
Fedhas
Gozag
Hepliaklqana
Kikubaaqudgha
Makhleb
Nemelex Xobeh
Okawaru
Qazlal
Ru
Sif Muna
Trog
Uskayaw
Vehumet
Xom
Yredelemnul
Zin
The Shining One

Shops:
D:2 [   D:5 (

Annotations:
D:3 1 runed translucent door, Crazy Yiuf


Innate Abilities, Weirdness & Mutations

You cannot wear most types of armour.
You are amphibious.
You can wear up to eight rings at the same time.
Your skin changes colour to match your surroundings (Stealth+).
Your rubbery body absorbs attacks. (AC +1, EV +1)
((You are camouflaged when in or above water. (Stealth+)))
You have tentacles for arms and can constrict up to eight enemies at once.
Your flesh is heat resistant. (rF+)
Your system is resistant to poisons. (rPois)
Your spells are a little easier to cast, but a little less powerful.


Message History

You hit the plant but do no damage. You squeeze the plant.
The plant is lightly damaged.
You constrict the plant.
A nearby plant withers and dies.
You lose your grip on the plant.
The komodo dragon hisses angrily.
The komodo dragon bites you!!
There is a staircase to the Lair, spattered with blood here.
The komodo dragon attacks as you move away!
The komodo dragon completely misses you.
Casting: Ozocubu's Armour (safe; 1% risk of failure)
Confirm with . or Enter, or press ? or * to list all spells.
A film of ice covers your body!
The komodo dragon completely misses you.
Casting: Ozocubu's Armour (safe; 1% risk of failure)
Confirm with . or Enter, or press ? or * to list all spells.
Casting: Frozen Ramparts (safe; 1% risk of failure)
Press: ? - help, Dir - look around, f - activate The walls around you are covered in ice.
The wall freezes the komodo dragon.
The komodo dragon seems to slow down.
The komodo dragon misses you.
You barely miss the komodo dragon.
The komodo dragon is lightly wounded.
The komodo dragon is no longer moving slowly.
The wall freezes the komodo dragon.
The komodo dragon bites you.
You puncture the komodo dragon!
The komodo dragon is moderately wounded.
The wall freezes the komodo dragon but does no damage.
The komodo dragon bites you but does no damage.
You closely miss the komodo dragon.
The komodo dragon is moderately wounded.
The wall freezes the komodo dragon.
The komodo dragon seems to slow down.
The komodo dragon bites you!
* * * LOW HITPOINT WARNING * * *
You hit the komodo dragon.
The komodo dragon is heavily wounded.
You hit the komodo dragon. You drain the komodo dragon.
The komodo dragon is severely wounded.
The wall freezes the komodo dragon.
The komodo dragon bites you!!
You die...
Your body crumbles into a pile of gold.

#....######.......####..
#.#### ##.........###..
##.## #...........##..
##...## #...........##..
##PP...##
#...........##..
#PP.....#
##.........###..
#PPPP...## #....#...##
#..
#PPPP....####.########
#.. #PPPP....l@...# ###
#PPPP.....#####
#PP$.PP..## #P.>.PP..#
#P...PPP##


#PPPPPP.# ##PPPPP## ####### You could see a komodo dragon (slow, drained).

Vanquished Creatures
  Pikel (D:4)
  Grinder (D:6)
  Sigmund (D:6)
  3 yaks (D:8)
  A wyvern (D:8)
  2 vampire mosquitoes (D:7)
  Edmund (D:6)
  Menkaure (D:4)
  2 water moccasins (D:6)
  Duvessa (D:6)
  10 orc warriors
  4 sky beasts
  A black bear (D:4)
  An ogre (D:5)
  2 bullfrogs
  A gnoll sergeant (D:6)
  A scorpion (D:5)
  8 wights
  Dowan (D:6)
  3 killer bees (D:8)
  2 howler monkeys
  An electric eel (D:7)
  4 orc priests
  A hound (D:5)
  3 jellies
  2 iguanas
  A gnoll bouda (D:7)
  A sleepcap (D:7)
  Ijyb (D:5)
  10 gnolls
  6 adders
  A shadow imp (D:6)
  3 white imps
  2 ufetubi
  3 worms
  10 dart slugs
  38 orcs
  8 ball pythons
  4 endoplasms
  A giant cockroach (D:3)
  6 goblins
  6 hobgoblins
  13 jackals
  13 kobolds
  A quokka (D:1)
  A bat (D:2)
  4 frilled lizards
  3 rats
195 creatures vanquished.

Notes
Turn   | Place    | Note
-------+----------+-------------------------------------------
     0 | D:1      | Dawnplanks the Octopode Ice Elementalist began the quest
                  | for the Orb.
     0 | D:1      | Reached XP level 1. HP: 11/11 MP: 3/3
   249 | D:1      | Found a faded altar of an unknown god.
   305 | D:1      | Reached XP level 2. HP: 17/17 MP: 1/5
  1161 | D:2      | Found Axudgh's Antique Armour Boutique.
  1202 | D:2      | Reached XP level 3. HP: 21/21 MP: 3/6
  1206 | D:2      | Learned a level 3 spell: Ozocubu's Armour
  1583 | D:2      | Found a hazy altar of Hepliaklqana.
  1715 | D:2      | Reached XP level 4. HP: 21/27 MP: 4/7
  2269 | D:3      | Reached skill level 5 in Ice Magic
  2914 | D:3      | Found a runed translucent door.
  2915 | D:3      | Noticed Crazy Yiuf
  3146 | D:4      | Learned a level 3 spell: Frozen Ramparts
  3155 | D:4      | Noticed Menkaure
  3175 | D:4      | Killed Menkaure
  3176 | D:4      | Reached XP level 5. HP: 6/31 MP: 3/10
  3176 | D:4      | Reached XP level 6. HP: 7/36 MP: 3/11
  3229 | D:4      | Noticed Pikel
  3236 | D:4      | Killed Pikel
  3237 | D:4      | Reached skill level 5 in Spellcasting
  3237 | D:4      | Reached skill level 6 in Ice Magic
  3237 | D:4      | Reached XP level 7. HP: 15/42 MP: 1/14
  3423 | D:4      | Reached skill level 5 in Stealth
  4423 | D:4      | Identified the +0 robe "Onaepotz" {Will+ Regen+}
  4476 | D:5      | Entered Level 5 of the Dungeon
  4537 | D:5      | Reached XP level 8. HP: 47/47 MP: 6/16
  4616 | D:5      | Found Yladism's Antique Weapon Shoppe.
  4646 | D:5      | Noticed Ijyb
  4658 | D:5      | Killed Ijyb
  4973 | D:5      | Reached skill level 7 in Ice Magic
  5125 | D:6      | Noticed Sigmund
  5129 | D:6      | Killed Sigmund
  5287 | D:6      | Noticed Duvessa
  5289 | D:6      | Noticed Dowan
  5298 | D:6      | Killed Duvessa
  5313 | D:6      | Killed Dowan
  5447 | D:6      | Noticed Grinder
  5448 | D:6      | Paralysed by Grinder for 5 turns
  5455 | D:6      | Paralysed by Grinder for 4 turns
  5466 | D:6      | Killed Grinder
  5467 | D:6      | Reached skill level 1 in Fighting
  5467 | D:6      | Reached skill level 8 in Ice Magic
  5467 | D:6      | Reached XP level 9. HP: 27/53 MP: 11/19
  5829 | D:6      | Found a staircase to the Ecumenical Temple.
  5835 | Temple   | Entered the Ecumenical Temple
  5935 | Temple   | Became a worshipper of Gozag Ym Sagoz the Greedy
  6104 | D:6      | Identified the +8 short sword "Veyluhyc" {drain, Str+4
                  | Int+4}
  6320 | D:6      | Noticed Edmund
  6327 | D:6      | Killed Edmund
  6708 | D:7      | Reached skill level 9 in Ice Magic
  7003 | D:7      | Found a flagged portal.
  7028 | Bailey   | Entered a bailey
  7691 | Bailey   | Reached XP level 10. HP: 32/60 MP: 10/22
  7736 | Bailey   | Reached skill level 10 in Ice Magic
  8740 | D:7      | Learned a level 4 spell: Summon Ice Beast
  8740 | D:7      | Gained mutation: Your spells are a little easier to cast,
                  | but a little less powerful. [potion of mutation]
  8740 | D:7      | Gained mutation: Your system is resistant to poisons.
                  | (rPois) [potion of mutation]
  8740 | D:7      | Gained mutation: Your flesh is heat resistant. (rF+)
                  | [potion of mutation]
  9465 | D:8      | Found a staircase to the Lair.
  9617 | D:8      | Mangled by a komodo dragon

Illustrated notes

Levels and vault maps discovered:
D:1:      tarquinn_simple_flora_water_f, layout_basic,
          hellmonk_ecumenical_altar_crossroads, serial_curves, eino_curves_02,
          eino_curves_01
D:2:      layout_basic, basic_altar, serial_shops, shop
D:3:      layout_loops_ring, uniq_crazy_yiuf_cottage
D:4:      layout_gridville, minivault_1, minivault_5, uniq_menkaure, uniq_pikel
D:5:      layout_rooms, serial_shops, nicolae_shop_behind_doors,
          dk_rats_in_the_wall, uniq_ijyb
D:6:      layout_basic, minmay_temple_entry_statues_pillars, st_stairs_12,
          uniq_edmund, uniq_duvessa, uniq_sigmund, uniq_grinder
D:7:      kennysheep_slugbush, layout_cave_pools, enter_bailey_4
D:8:      layout_rooms, david_lair_shrubbed
Temple:   nicolae_temple_two_arcs

Skill      XL: |  1  2  3  4  5  6  7  8  9 10 |
---------------+-------------------------------+-----
Stealth        | 3 4 5 6 |  6.3
Ice Magic      | 5 6 8 9 10 | 10.7
Spellcasting   | 3 5 6 8 9 |  9.5
Dodging        | 3 4 |  4.7
Fighting       | 1 2 |  2.0
Staves         | |  0.5

Action                     |  1- 3 |  4- 6 |  7- 9 | 10-12 || total
---------------------------+-------+-------+-------+-------++-------
  Melee: Dagger            |     3 |    35 |       |       ||    38
         Constrict         |     1 |     9 |    27 |    15 ||    52
         Tentacles         |       |     7 |    32 |    23 ||    62
         Staff             |       |       |    56 |       ||    56
         Punch             |       |       |     1 |     1 ||     2
         Short sword       |       |       |    40 |    84 ||   124
  Throw: Stone             |       |       |    25 |     1 ||    26
         Dart              |       |       |     8 |       ||     8
   Cast: Freeze            |    46 |    36 |     9 |       ||    91
         Ozocubu's Armour  |       |     5 |    33 |    21 ||    59
         Frozen Ramparts   |       |     1 |    52 |    25 ||    78
    Use: Scroll            |       |       |     6 |     1 ||     7
         Potion            |       |       |       |     1 ||     1
   Stab: Sleeping          |     1 |     5 |     3 |     2 ||    11
         Distracted        |     1 |       |     1 |       ||     2
 Armour: Skin              |     4 |    11 |    21 |    19 ||    55
  Dodge: Dodged            |    11 |    63 |   135 |    87 ||   296

Table legend: (Time is in decaauts)
 A = Elapsed time spent in this place.
 B = Non-inter-level travel time spent in this place.
 C = Inter-level travel time spent in this place.
 D = Time resting spent in this place.
 E = Time spent auto-exploring this place.
 F = Levels seen in this place.
 G = Mean time per level.
                   A        B        C        D        E       F      G
               +--------+--------+--------+--------+--------+-----+--------+
         Total |   9629 |   9091 |    538 |    204 |   7209 |  10 |  962.9 |
       Dungeon |   8530 |   8006 |    524 |     65 |   6640 |   8 | 1066.2 |
        Temple |    109 |     95 |     14 |      0 |     83 |   1 |  109.0 |
        Bailey |    988 |    988 |      0 |    139 |    486 |   1 |  988.0 |
               +--------+--------+--------+--------+--------+-----+--------+

Top non-repeatable levels by time:
     D:6: 1403 daAuts
     D:3: 1393 daAuts
     D:1: 1157 daAuts
     D:7: 1131 daAuts
  Bailey: 988 daAuts
     D:4: 977 daAuts
     D:2: 950 daAuts
     D:8: 858 daAuts
     D:5: 659 daAuts
  Temple: 109 daAuts
